 Dungeon Crawl Stone Soup version 0.25-b1-37-g2669288c55 (webtiles) character file.

Game seed: 16838489621590522244

79 Masnef the Ruffian (level 4, 0/52 HPs)
             Began as a Draconian Transmuter on June 4, 2020.
             Slain by Sigmund
             ... wielding a +0 scythe
              (6 damage)
             ... on level 2 of the Dungeon.
             The game lasted 00:04:10 (2375 turns).

Masnef the Ruffian (Draconian Transmuter)           Turns: 2375, Time: 00:04:11

Health: 0/52       AC: 22    Str: 13    XL:     4   Next: 17%
Magic:  7/7        EV:  2    Int: 14    God:
Gold:   99         SH:  0    Dex: 11    Spells: 4/7 levels left

rFire    . . .     SeeInvis .     - Unarmed
rCold    . . .     Gourm    .   (no shield)
rNeg     + + +     Faith    .   (armour unavailable)
rPois    +         Spirit   .   (helmet currently unavailable)
rElec    .         Reflect  .   (cloak currently unavailable)
rCorr    .         Harm     .   (gloves currently unavailable)
MR       +....     NoTele   +   (boots currently unavailable)
Stlth    +.........             (no amulet)
HPRegen  0.17/turn              n - ring of positive energy
MPRegen  0.10/turn              e - ring of protection from magic

@: tree-form
A: unfitting armour, AC +5
a: no special abilities


You were on level 2 of the Dungeon.
You were hungry.
You were a tree.
You visited 1 branch of the dungeon, and saw 3 of its levels.

You collected 99 gold pieces.

Inventory:

Missiles
 a - 78 arrows
Jewellery
 e - a ring of protection from magic (right branch)
 m - an uncursed ring of magical power
 n - a ring of positive energy (left branch)
Wands
 b - a wand of disintegration (21)
Scrolls
 d - 4 scrolls of remove curse
 h - a scroll of teleportation {unknown}
 i - 2 scrolls of immolation {unknown}
 k - a scroll of identify {unknown}
 l - a scroll of enchant weapon {unknown}
Potions
 f - a potion of ambrosia {unknown}
 g - a potion of curing
Comestibles
 c - 2 rations


   Skills:
 - Level 1.1 Fighting
 + Level 1.8 Dodging
 + Level 5.0 Unarmed Combat
 - Level 2.0 Spellcasting
 - Level 2.0 Transmutations


You had 4 spell levels left.
You knew the following spells:

 Your Spells              Type           Power        Failure   Level  Hunger
a - Beastly Appendage     Tmut           #.....       11%         1    ##.....
b - Sticks to Snakes      Tmut           #.......     16%         2    ###....

Your spell library contained the following spells:

 Spells                   Type           Power        Failure   Level  Hunger
 Spider Form              Tmut/Pois      #.........   43%         3    ####...
 Ice Form                 Ice/Tmut       #.......     83%         4    #####..
 Blade Hands              Tmut           #.........   96%         5    ######.


Dungeon Overview and Level Annotations

Branches:
Dungeon (3/15)

Altars:
Kikubaaqudgha

Annotations:
D:2 Sigmund


Innate Abilities, Weirdness & Mutations

((Your plain brown scales are hard. (AC +5)))
You cannot fit into any form of body armour.
((You are cold-blooded and may be slowed by cold attacks.))


Message History

Sigmund hits you but does no damage.
You smack Sigmund!
Sigmund is heavily wounded.
You barely miss Sigmund.
Sigmund is heavily wounded.
Sigmund hits you with a +0 scythe.
You hit Sigmund but do no damage. You punch Sigmund.
Sigmund is severely wounded.
Sigmund hits you with a +0 scythe.
* * * LOW HITPOINT WARNING * * *
You hit Sigmund but do no damage.
Sigmund is severely wounded.
You hit Sigmund.
Sigmund is almost dead.
Sigmund hits you with a +0 scythe.
* * * LOW HITPOINT WARNING * * *
You barely miss Sigmund.
Sigmund is almost dead.
Sigmund hits you with a +0 scythe.
You die...

#......#
#.# #.#
#......##
#.# #.#
####....#
#.# #.#
#(...#
#.# #.#
#....#
#.# #.#
##.###
#.# #.#
#÷# #.#
#.# ##
#.# #.#
#.# .#
#.# #♣#
#.#
.######.#
#@# #.#
..÷.....#
#.# #.#
.########
#.# #.#
...#
#.####.##
##.#
#.......#
#.#
#########
##.# ...#


You could see Sigmund.

Vanquished Creatures
  An adder (D:2)
  An ooze (D:2)
  A worm (D:2)
  2 dart slugs
  A leopard gecko (D:1)
  2 giant cockroaches (D:2)
  A goblin (D:2)
  8 hobgoblins
  9 jackals
  A quokka (D:3)
  A ball python (D:1)
  6 bats
  6 frilled lizards
  5 kobolds
  10 rats
55 creatures vanquished.

Notes
Turn   | Place    | Note
-------+----------+-------------------------------------------
     0 | D:1      | Masnef the Draconian Transmuter began the quest for the
                  | Orb.
     0 | D:1      | Reached XP level 1. HP: 16/16 MP: 3/3
    83 | D:1      | Reached XP level 2. HP: 23/23 MP: 5/5
   321 | D:1      | You fall into a shaft and drop 1 floor!
   541 | D:2      | Reached skill level 4 in Unarmed Combat
   541 | D:2      | Reached XP level 3. HP: 23/28 MP: 6/6
   614 | D:2      | Learned a level 2 spell: Sticks to Snakes
   814 | D:2      | Noticed Sigmund
  1623 | D:1      | Reached XP level 4. HP: 35/35 MP: 7/7
  1947 | D:2      | Reached skill level 5 in Unarmed Combat
  2039 | D:2      | Found an ancient bone altar of Kikubaaqudgha.
  2375 | D:2      | Slain by Sigmund

Illustrated notes

Levels and vault maps discovered:
D:1:      roderic_octagonal_star, layout_basic, nrook_mini_backslash,
          item_on_display_a
D:2:      layout_basic, old_standard_altar, uniq_sigmund
D:3:      layout_loops_corners, uniq_grinder, uniq_terence

Skill      XL: |  1  2  3  4 |
---------------+-------------+-----
Unarmed Combat | 4 5 |  5.0
Fighting       | |  1.1
Dodging        | |  1.8
Spellcasting   | |  2.0
Transmutations | |  2.0

Action                   |  1- 3 |  4- 6 || total
-------------------------+-------+-------++-------
Melee: Unarmed           |   149 |    27 ||   176
       Tailslap          |    11 |     3 ||    14
       Punch             |     4 |     1 ||     5
       Headbutt          |     2 |       ||     2
       Kick              |     1 |       ||     1
 Cast: Beastly Appendage |     4 |     1 ||     5
       Sticks to Snakes  |     2 |       ||     2
  Use: Scroll            |     2 |       ||     2
       Potion            |       |     2 ||     2
  Eat: Chunk             |     3 |     1 ||     4
Armor: Skin              |    53 |     8 ||    61
Dodge: Dodged            |   107 |    10 ||   117
